 Dungeon Crawl Stone Soup version 0.30-a0-394-g3e4acdb0ae (webtiles) character file.

Game seed: 12328715942515787978

7360 cforsyth the Cleaver (level 11, -4/104 HPs)
             Began as a Hill Orc Fighter on Dec 7, 2022.
             Was an Elder of Beogh.
             Succumbed to a gnoll sergeant's poison
             ... on level 10 of the Dungeon.
             The game lasted 00:22:57 (8456 turns).

cforsyth the Cleaver (Hill Orc Fighter)             Turns: 8456, Time: 00:22:57

Health: -4/104     AC: 19    Str: 24    XL:     11   Next: 14%
Magic:  9/20       EV: 10    Int:  8    God:    Beogh [****..]
Gold:   553        SH:  0    Dex: 10    Spells: 10/10 levels left

rFire   . . .      SeeInvis .    i - +4 executioner's axe (elec)
rCold   . . .      Faith    .    (shield currently unavailable)
rNeg    . . .      Spirit   +    z - +3 scale mail
rPois   .          Reflect  .    r - +2 hat
rElec   .          Harm     .    (no cloak)
rCorr   .          Rampage  .    w - +0 pair of gloves
Will    .....                    (no boots)
Stlth   ..........               x - amulet of guardian spirit
HPRegen 0.37/turn                j - +4 ring of protection
MPRegen 0.17/turn                C - ring of magical power

@: lethally poisoned (-4 -> -38)
A: no striking features
a: Renounce Religion, Smiting, Recall Orcish Followers


You were on level 10 of the Dungeon.
You worshipped Beogh.
Beogh was greatly pleased with you.
You visited 2 branches of the dungeon, and saw 11 of its levels.

You collected 553 gold pieces.

Inventory:

Hand Weapons
 a - a +0 war axe
 i - a +4 executioner's axe of electrocution (weapon)
Missiles
 A - 2 throwing nets (quivered)
Armour
 c - a +0 buckler
 r - a +2 hat (worn)
 w - a +0 pair of gloves (worn)
 z - a +3 scale mail (worn)
Jewellery
 j - a +4 ring of protection (left hand)
 t - a +6 ring of dexterity
 u - a ring of positive energy
 x - an amulet of guardian spirit (around neck)
 y - a ring of ice
 C - a ring of magical power (right hand)
 E - a ring of resist corrosion
Wands
 o - a wand of flame (4)
Scrolls
 k - 2 scrolls of fear
 m - a scroll of vulnerability
 s - a scroll of poison
 D - 2 scrolls of teleportation
Potions
 b - 2 potions of berserk rage
 d - a potion of magic
 e - 2 potions of invisibility
 f - 2 potions of degeneration
 g - a potion of heal wounds
 h - 4 potions of brilliance
 n - 3 potions of haste
 p - 2 potions of flight
 q - 2 potions of lignification {unknown}
 v - 2 potions of curing
 B - a potion of mutation


   Skills:
 + Level 12.1 Fighting
 + Level 12.9 Axes
 + Level 11.1 Armour
 - Level 3.2 Shields


You had 10 spell levels left.
You didn't know any spells.
Your spell library contained the following spells:

 Spells                   Type           Power      Damage    Failure   Level
 Apportation              Tloc           0%         N/A       65%         1
 Necrotise                Necr           0%         1d4       65%         1
 Sting                    Tmut/Pois      0%         1d3       65%         1
 Summon Small Mammal      Summ           0%         N/A       65%         1
 Poisonous Vapours        Pois/Air       0%         N/A       80%         2
 Stone Arrow              Conj/Erth      0%         3d7       95%         3
 Animate Armour           Summ/Erth      0%         N/A       100%        4
 Olgreb's Toxic Radiance  Pois           0%         N/A       100%        4
 Freezing Cloud           Conj/Ice/Air   0%         6-21      100%        5
 Simulacrum               Ice/Necr       0%         N/A       100%        6
 Lehudib's Crystal Spear  Conj/Erth      0%         10d2      100%        8
 Polar Vortex             Ice            0%         N/A       100%        9


Dungeon Overview and Level Annotations

Branches:
Dungeon (9/15)             Temple (1/1) D:6
   Lair: D:8-11         Orc: D:9-12

Altars:
Cheibriados
Fedhas
Gozag
Okawaru
Ru
Vehumet
Xom
The Shining One


Message History

The gnoll sergeant is lightly wounded.
You feel very sick.
The gnoll sergeant hits you with a +4 trident of venom!
You are more poisoned.
You hit the gnoll sergeant but do no damage.
The gnoll sergeant is lightly wounded.
You feel extremely sick.
The gnoll sergeant hits you with a +4 trident of venom.
You are more poisoned.
The gnoll sergeant hits you with a +4 trident of venom.
You are more poisoned.
You closely miss the gnoll sergeant.
The gnoll sergeant is lightly wounded.
You feel extremely sick.
The gnoll sergeant hits you with a +4 trident of venom.
You are more poisoned.
You slash the gnoll sergeant!
The gnoll sergeant is severely wounded.
You feel extremely sick.
The gnoll sergeant hits you with a +4 trident of venom!
You are lethally poisoned!
You hit the gnoll sergeant but do no damage.
The gnoll sergeant is severely wounded.
* * * LOW HITPOINT WARNING * * *
You feel extremely sick.
The gnoll sergeant hits you but does no damage.
You are more poisoned.
Unknown command.
You open the gnoll sergeant like a pillowcase!!!
You kill the gnoll sergeant!
Beogh accepts your kill.
* * * LOW HITPOINT WARNING * * *
You feel extremely sick. The gnoll hits you but does no damage.
The gnoll hits you from afar with a +0 spear!
* * * LOW HITPOINT WARNING * * *
Unknown command.
Unknown command.
You barely miss the gnoll.
You die...

# ##### ###########
....# #..@gg.....
###.#####
###.#########
#.......####.....>....
#.###.#........#######
..# #........###
..###..##....#
.............#
.##.#####....## .
#.######....##


You could see 2 gnolls.

Vanquished Creatures
  Pikel (D:4)
  2 unseen horror zombies (D:9)
  Maggie (D:7)
  2 hornets (D:9)
  A wraith (D:7)
  3 steam dragons
  5 water moccasins
  Duvessa (D:7)
  2 orc warriors (D:8)
  A sky beast (Temple)
  2 ogres
  2 black bears (D:6)
  6 centaurs
  2 phantoms (Temple)
  A kobold brigand (Temple)
  2 gnoll sergeants
  7 bullfrogs
  A necrophage (D:8)
  2 scorpions
  A wight (D:7)
  Dowan (D:7)
  10 killer bees
  An electric eel (D:7)
  4 howler monkeys
  A centaur zombie (D:9)
  4 hounds
  4 orc priests
  4 gnoll boudas
  3 jellies
  Jessica (D:2)
  5 orc wizards
  5 iguanas
  12 gnolls
  7 adders
  A shadow imp (D:6)
  2 ufetubi
  6 worms
  3 dart slugs
  28 orcs
  4 bats
  6 endoplasms
  3 giant cockroaches
  3 goblins
  5 hobgoblins
  7 kobolds
  A quokka (D:4)
  7 ball pythons
  2 frilled lizards
  2 rats
187 creatures vanquished.

Vanquished Creatures (collateral kills)
  A troll (D:9)
  A wyvern (D:9)
  A vampire mosquito (D:9)
  2 acid dragons (D:9)
  2 kobold brigands (D:9)
  3 necrophages
  A wight (D:9)
  3 killer bees (D:9)
  2 howler monkeys (D:9)
  An orc priest (D:8)
  3 orc wizards (D:8)
  4 gnolls
  6 orcs
30 creatures vanquished.

Vanquished Creatures (others)
  3 orc warriors (D:9)
  An orc priest (D:3)
  An orc wizard (D:9)
  6 orcs
  4 plants (D:7)
15 creatures vanquished.

Grand Total: 232 creatures vanquished

Notes
Turn   | Place    | Note
-------+----------+-------------------------------------------
     0 | D:1      | cforsyth the Hill Orc Fighter began the quest for the Orb.
     0 | D:1      | Reached XP level 1. HP: 19/19 MP: 1/1
   222 | D:1      | Reached XP level 2. HP: 27/27 MP: 2/2
   601 | D:2      | Reached XP level 3. HP: 33/33 MP: 3/3
   637 | D:2      | Noticed Jessica
   652 | D:2      | Killed Jessica
   835 | D:2      | Reached XP level 4. HP: 41/41 MP: 4/4
   877 | D:2      | Found a glowing golden altar of the Shining One.
  1277 | D:3      | Found an opulent altar of Gozag.
  1277 | D:3      | Found a snail-covered altar of Cheibriados.
  1356 | D:3      | Became a worshipper of Beogh the Brigand
  1658 | D:3      | Reached XP level 5. HP: 46/47 MP: 5/5
  1914 | D:3      | Reached skill level 5 in Fighting
  1964 | D:3      | Reached * piety under Beogh
  2329 | D:4      | Reached skill level 5 in Axes
  2329 | D:4      | Reached XP level 6. HP: 56/56 MP: 6/6
  2352 | D:4      | Reached skill level 5 in Armour
  2659 | D:4      | Found a blossoming altar of Fedhas.
  2696 | D:4      | Found a radiant altar of Vehumet.
  2839 | D:4      | Noticed Pikel
  2858 | D:4      | Killed Pikel
  2859 | D:4      | Reached XP level 7. HP: 22/66 MP: 1/7
  2859 | D:4      | Reached XP level 8. HP: 24/73 MP: 1/8
  3266 | D:5      | Entered Level 5 of the Dungeon
  3905 | D:5      | Found a shadowy altar of Dithmenos.
  3909 | D:5      | Found a shimmering altar of Xom.
  3909 | D:5      | Found a sacrificial altar of Ru.
  3911 | D:5      | Found a sacrificial altar of Ru.
  3911 | D:5      | Found an iron altar of Okawaru.
  3911 | D:5      | Found a blossoming altar of Fedhas.
  4364 | D:6      | Reached ** piety under Beogh
  4627 | D:6      | Found a staircase to the Ecumenical Temple.
  4651 | D:6      | Reached XP level 9. HP: 82/82 MP: 9/9
  4828 | Temple   | Entered the Ecumenical Temple
  5117 | Temple   | Reached skill level 10 in Axes
  5883 | D:7      | Noticed Duvessa
  5890 | D:7      | Noticed Dowan
  5905 | D:7      | Killed Duvessa
  5908 | D:7      | Killed Dowan
  5909 | D:7      | Reached skill level 10 in Fighting
  5998 | D:7      | Identified a scroll of acquirement
  5998 | D:7      | Acquired a +3 executioner's axe of electrocution
  6423 | D:7      | Reached *** piety under Beogh
  6506 | D:7      | Reached XP level 10. HP: 74/93 MP: 10/10
  6705 | D:7      | Noticed a cyclops
  7108 | D:7      | Noticed Maggie
  7119 | D:7      | Killed Maggie
  7120 | D:7      | Reached skill level 10 in Armour
  7878 | D:8      | Reached **** piety under Beogh
  8141 | D:9      | Reached XP level 11. HP: 50/104 MP: 11/11
  8391 | D:9      | You fall into a shaft and drop 1 floor!
  8391 | D:10     | Entered Level 10 of the Dungeon
  8456 | D:10     | Succumbed to a gnoll sergeant's poison

Illustrated notes

Levels and vault maps discovered:
D:1:      spicycebolla_arrival_ecumenical, layout_rooms
D:2:      layout_basic, basic_altar, uniq_jessica
D:3:      layout_loops_ring, amethyst_overflow_temple_binary,
          kennysheep_generic_room_11
D:4:      minmay_skewed_foursquare, layout_loops_cross, vehumet_crystals,
          mainiacjoe_overflow_cross_hatched, nrook_mini_vaults, kennysheep_nub,
          uniq_pikel
D:5:      layout_rooms, doesnt_xom_only_xom, minmay_misc_feat_hallway
D:6:      minmay_octagon_keep, layout_basic, minmay_temple_entry_wispy
D:7:      nzn_winding_woodlands_cross
          [nzn_winding_woodlands_5x15_pathside_ponds,
          nzn_winding_woodlands_5x15_cabin, nzn_winding_woodlands_5x15_jagged,
          nzn_winding_woodlands_5x15_longhouse,
          nzn_winding_woodlands_15x15_eel_pit], layout_rooms, elyvilon_altar_1,
          uniq_duvessa, uniq_maggie
D:8:      layout_basic
D:9:      minmay_bloctagon_deflated, layout_long_grid,
          nemelex_diamond_rough_becter, lemuel_mausoleum_altar_kikubaaqudgha,
          nicolae_wu_jian_immortal_techniques, nicolae_sextant,
          kennysheep_kite_vault, uniq_grum, uniq_harold
D:10:     layout_loops_ring, nicolae_overflow_hidden_temple,
          riverfiend_overflow_shadow_ancestor, lightli_bailey_entry_fortress,
          uniq_snorg, uniq_lodul, uniq_maurice
Temple:   cyrus_temple_forest

Skill      XL: |  1  2  3  4  5  6  7  8  9 10 11 |
---------------+----------------------------------+-----
Axes           | 3 4 5 7 8 10 12 | 12.9
Fighting       | 4 5 7 8 10 11 12 | 12.1
Armour         | 4 6 7 9 10 11 | 11.1
Shields        | |  3.2

Action                   |  1- 3 |  4- 6 |  7- 9 | 10-12 || total
-------------------------+-------+-------+-------+-------++-------
Melee: War axe           |    65 |   184 |   320 |       ||   569
       Executioner's axe |       |       |       |   117 ||   117
Invok: Convert to Beogh  |       |     1 |       |       ||     1
  Use: Potion            |       |     3 |       |       ||     3
       Scroll            |       |       |     5 |    12 ||    17
Armor: Scale mail        |    33 |   111 |   269 |   114 ||   527
Dodge: Dodged            |    25 |    79 |   185 |    93 ||   382
Block: Buckler           |    20 |    36 |    86 |       ||   142

Table legend: (Time is in decaauts)
 A = Elapsed time spent in this place.
 B = Non-inter-level travel time spent in this place.
 C = Inter-level travel time spent in this place.
 D = Time resting spent in this place.
 E = Time spent auto-exploring this place.
 F = Levels seen in this place.
 G = Mean time per level.
                   A        B        C        D        E       F      G
               +--------+--------+--------+--------+--------+-----+--------+
         Total |   8624 |   8442 |    182 |    894 |   5328 |  11 |  784.0 |
       Dungeon |   8151 |   7969 |    182 |    747 |   5095 |  10 |  815.1 |
        Temple |    473 |    473 |      0 |    147 |    233 |   1 |  473.0 |
               +--------+--------+--------+--------+--------+-----+--------+

Top non-repeatable levels by time:
     D:6: 1573 daAuts
     D:4: 1200 daAuts
     D:7: 1173 daAuts
     D:3: 1137 daAuts
     D:5: 712 daAuts
     D:2: 661 daAuts
     D:8: 625 daAuts
     D:1: 576 daAuts
  Temple: 473 daAuts
     D:9: 423 daAuts
    D:10: 66 daAuts
